 Dungeon Crawl Stone Soup version 0.30-a0-600-gb7c8574cbb (webtiles) character file.

Game seed: 7145335528002633380

505 Citaku the Covered (level 6, 0/56 HPs)
             Began as a Minotaur Fighter on Jan 7, 2023.
             Shot with an arrow by a centaur (15 damage)
             ... on level 4 of the Dungeon.
             The game lasted 00:04:31 (2922 turns).

Citaku the Covered (Minotaur Fighter)               Turns: 2922, Time: 00:04:32

Health: 0/56       AC:  9    Str: 20    XL:     6   Next: 96%
Magic:  5/5        EV:  9    Int:  5    God:
Gold:   163        SH:  4    Dex: 12    Spells: 5/5 levels left

rFire   . . .      SeeInvis .    a - +0 war axe
rCold   . . .      Faith    .    c - +0 buckler
rNeg    . . .      Spirit   .    b - +0 scale mail
rPois   .          Reflect  .    (helmet restricted)
rElec   .          Harm     .    k - +0 cloak
rCorr   .          Rampage  .    (no gloves)
Will    .....                    (no boots) Stlth
                                 (no amulet)
HPRegen 0.29/turn                (no ring)
MPRegen 0.09/turn                (no ring)

@: no status effects
A: horns 2, retaliatory headbutt
a: no special abilities


You were on level 4 of the Dungeon.
You visited 1 branch of the dungeon, and saw 4 of its levels.

You collected 163 gold pieces.

Inventory:

Hand Weapons
 a - a +0 war axe (weapon)
Armour
 b - a +0 scale mail (worn)
 c - a +0 buckler (worn)
 k - a +0 cloak (worn)
Scrolls
 e - 2 scrolls of teleportation {unknown}
 g - a scroll of magic mapping {unknown}
 h - 8 scrolls of identify {unknown}
 i - a scroll of summoning {unknown}
 j - a scroll of enchant weapon {unknown}
 n - a scroll of fog {unknown}
 r - 2 scrolls of blinking {unknown}
 s - a scroll of poison {unknown}
 v - a scroll of vulnerability {unknown}
Potions
 d - 2 potions of heal wounds {unknown}
 f - 2 potions of cancellation {unknown}
 l - a potion of mutation {unknown}
 m - a potion of invisibility {unknown}
 o - 3 potions of curing {unknown}
 p - a potion of resistance {unknown}
 q - a potion of attraction {unknown}
 t - a potion of degeneration {unknown}
 u - 2 potions of haste {unknown}


   Skills:
 + Level 5.3 Fighting
 * Level 6.0 Axes
 * Level 6.6 Armour
 - Level 3.6 Shields


You had 5 spell levels left.
You didn't know any spells.
Your spell library contained the following spells:

 Spells                   Type           Power      Damage    Failure   Level
 Sandblast                Erth           0%         2d4       88%         1
 Passwall                 Tmut/Erth      0%         N/A       95%         2
 Gell's Gravitas          Tloc           0%         N/A       99%         3
 Ignite Poison            Fire/Tmut/Pois 0%         N/A       99%         3
 Kindle Blastsparks       Fire/Tloc/Air  0%         2d10      99%         3
 Stone Arrow              Conj/Erth      0%         3d7       99%         3
 Teleport Other           Tloc           0%         N/A       99%         3
 Freezing Cloud           Conj/Ice/Air   0%         6-21      100%        5
 Dispersal                Tloc           0%         N/A       100%        6
 Simulacrum               Ice/Necr       0%         N/A       100%        6
 Polar Vortex             Ice            0%         N/A       100%        9


Dungeon Overview and Level Annotations

Branches:
Dungeon (4/15)
 Temple: D:4-7

Altars:


Innate Abilities, Weirdness & Mutations

You have a pair of horns on your head.
You reflexively headbutt those who attack you in melee.


Message History

An ogre comes into view. It is wielding a +0 giant club.
The ogre shouts!
You hear an angry hiss.
You hear a shout! x3
Found 16 gold pieces.
A goblin comes into view. It is wielding a +0 dagger.
You hit the ogre. You headbutt the ogre!
The ogre is heavily wounded.
The ogre hits you with a +0 giant club!
You barely miss the ogre.
The ogre is heavily wounded.
You hit the ogre.
You headbutt the ogre, but do no damage.
The ogre is heavily wounded.
You block the ogre's attack.
You hit the ogre.
The ogre is severely wounded.
The ogre barely misses you.
You slash the ogre!
You headbutt the ogre, but do no damage.
The ogre is almost dead.
The ogre hits you with a +0 giant club!!
Ouch! That really hurt!
You slash the ogre!
You kill the ogre!
You barely miss the goblin. The goblin barely misses you.
Your Axes skill increases to level 6!
The goblin hits you but does no damage.
There is a stone staircase leading up, spattered with blood here.
You see here a +0 giant club.
The goblin barely misses you.
A centaur comes into view.
The goblin hits you but does no damage.
You miss the goblin.
The centaur shouts!
You hear a shout! x2
The centaur wields a +4 shortbow.
The centaur shoots an arrow.
The arrow barely misses you.
The arrow hits the goblin!
The goblin dies!
The centaur shoots an arrow.
The arrow hits you.
* * * LOW HITPOINT WARNING * * *
The centaur shoots an arrow.
The arrow hits you!
You die...

#.........#
#.........#
#####.........# #
#####.............#
##
#.....###...†.....#
.# #.#####
#.........# .####.#
#.(.......# .#....#
#.........# ...####
##.<@###### ..##
#....# ≈≈≈≈≈≈
#.....# ≈##≈≈≈#
#.....# ≈######
#.....# ≈≈#
...$...# ≈≈#
..###...# ≈≈# ≈#.
#.#c. ≈# ### .
.....


You could see a centaur.

Vanquished Creatures
  An ogre (D:4)
  The ghost of lagdotcom the Trooper, an amateur GrFi of Hepliaklqana (D:3)
  A scorpion (D:4)
  A hound (D:4)
  An orc priest (D:4)
  An iguana (D:4)
  2 orc wizards
  A gnoll (D:1)
  5 adders
  An ufetubus (D:4)
  3 worms
  A dart slug (D:2)
  7 orcs
  4 ball pythons
  6 endoplasms
  3 giant cockroaches
  3 goblins
  9 hobgoblins
  4 jackals
  5 quokkas
  8 bats
  4 frilled lizards
  5 kobolds
  5 rats
82 creatures vanquished.

Vanquished Creatures (others)
  A goblin (D:4)
  4 plants (D:2)
5 creatures vanquished.

Grand Total: 87 creatures vanquished

Notes
Turn   | Place    | Note
-------+----------+-------------------------------------------
     0 | D:1      | Citaku the Minotaur Fighter began the quest for the Orb.
     0 | D:1      | Reached XP level 1. HP: 19/19 MP: 0/0
    41 | D:1      | Reached XP level 2. HP: 22/27 MP: 1/1
   164 | D:1      | Reached XP level 3. HP: 21/33 MP: 2/2
   886 | D:2      | Reached XP level 4. HP: 32/40 MP: 3/3
  1517 | D:3      | Reached skill level 5 in Armour
  1917 | D:3      | Found a runed translucent door.
  1936 | D:3      | Noticed lagdotcom's ghost (amateur GrFi)
  1946 | D:3      | Killed lagdotcom's ghost
  1947 | D:3      | Reached XP level 5. HP: 37/47 MP: 4/4
  1951 | D:3      | Found a runed translucent door.
  2477 | D:3      | Reached skill level 5 in Axes
  2610 | D:4      | Reached XP level 6. HP: 53/55 MP: 5/5
  2682 | D:4      | Reached skill level 5 in Fighting
  2922 | D:4      | Shot with an arrow by a centaur

Illustrated notes

Levels and vault maps discovered:
D:1:      lemuel_arrival_river_ford, layout_rooms, chequers_avenue,
          chequers_serial_rivers_micro_a
D:2:      layout_loops_ring, serial_bayou_pond_c
D:3:      layout_basic, ebering_ghost_sewer_f
D:4:      layout_rooms, nicolae_ru_the_path_less_chosen, lightli_minifort,
          uniq_crazy_yiuf_cottage, uniq_robin

Skill      XL: |  1  2  3  4  5  6 |
---------------+-------------------+-----
Armour         | 4 5 6 |  6.6
Axes           | 3 4 5 6 |  6.0
Fighting       | 4 5 |  5.3
Shields        | |  3.6

Action                   |  1- 3 |  4- 6 || total
-------------------------+-------+-------++-------
Melee: War axe           |    49 |   117 ||   166
       Headbutt          |     5 |    18 ||    23
  Use: Potion            |       |     2 ||     2
Armor: Scale mail        |    42 |    67 ||   109
Dodge: Dodged            |    47 |    58 ||   105
Block: Buckler           |    16 |    24 ||    40

Table legend: (Time is in decaauts)
 A = Elapsed time spent in this place.
 B = Non-inter-level travel time spent in this place.
 C = Inter-level travel time spent in this place.
 D = Time resting spent in this place.
 E = Time spent auto-exploring this place.
 F = Levels seen in this place.
 G = Mean time per level.
                   A        B        C        D        E       F      G
               +--------+--------+--------+--------+--------+-----+--------+
         Total |   2992 |   2992 |      0 |    236 |   1987 |   4 |  748.0 |
       Dungeon |   2992 |   2992 |      0 |    236 |   1987 |   4 |  748.0 |
               +--------+--------+--------+--------+--------+-----+--------+

Top non-repeatable levels by time:
     D:3: 1139 daAuts
     D:2: 794 daAuts
     D:1: 721 daAuts
     D:4: 337 daAuts
